Map: Prion Terraces

Players

Fullmetal - Winner!

  • Race: Terran Terran
  • League: Master

JhBlyPhnxBrs

  • Race: Zerg Zerg
  • League: Platinum

VOD

Have the link to the VOD?

Description

Time

  • Played on: Nov. 16, 2015, 4:23 a.m.
  • Length: 6:57
Show
View Real Time Build Order
Export as new Build Order

Fullmetal Terran - Winner!

Build Orders: Liberator Opening, Reaper Expand 

Get SALT Encoding   

  12  0:01  SCV  
  13  0:13  SCV  
  14  0:18  Supply Depot  
  14  0:25  SCV  
  15  0:39  SCV  
  15  0:41  Barracks  
  16  0:46  Refinery  
  16  0:51  SCV  
  17  1:04  SCV  
  18  1:16  SCV  
  19  1:29  Orbital Command  
  19  1:31  Reaper  
  20  1:41  Command Center  
  20  1:49  Supply Depot  
  20  1:52  Refinery  
  20  1:55  SCV  
  21  2:07  SCV  
  22  2:10  Barracks Reactor  
  22  2:19  SCV  
  22  2:22  Factory  
  23  2:32  SCV  
  24  2:47  SCV  
  25  2:52  Marine  
  25  2:53  Marine  
  25  2:55  Orbital Command  
  27  3:04  SCV  
  28  3:07  Starport  
  28  3:16  SCV  
  29  3:20  Barracks Reactor, SCV  
  29  3:21  Refinery  
  29  3:23  Hellion x2  
  34  3:29  SCV  
  34  3:32  SCV  
  36  3:40  Supply Depot  
  36  3:41  SCV  
  37  3:44  Hellion x2  
  37  3:46  Liberator x2  
  41  3:49  SCV  
  41  3:53  SCV  
  43  4:01  SCV  
  44  4:03  Barracks Tech Lab  
  44  4:05  SCV  
  44  4:09  Hellion  
  53  4:11  Supply Depot  
  53  4:17  SCV, Supply Depot  
  54  4:33  Marauder  
  54  4:35  Stimpack  
  56  4:39  SCV x2  
  56  4:40  Liberator  
  56  4:42  Barracks  
  56  4:43  Factory Reactor, Barracks  
  58  4:47  Supply Depot  
  58  4:51  SCV  
  60  5:06  SCV x2  
  60  5:07  Marine  
  60  5:13  Command Center  
  61  5:18  SCV  
  62  5:32  SCV, Liberator x2  
  63  5:43  Marauder, Marine x3  
  63  5:44  Factory Tech Lab  
  63  5:45  SCV, Refinery  
  69  5:50  Engineering Bay  
  69  5:51  Engineering Bay  
  69  5:56  Marine  
  76  6:01  SCV x2  
  76  6:02  Barracks  
  76  6:03  Barracks  
  78  6:06  Supply Depot  
  78  6:24  Marine x3  
  78  6:25  Marauder  
  83  6:26  Supply Depot  
  83  6:27  SCV  
  81  6:35  SCV  
Show
View Real Time Build Order
Export as new Build Order

JhBlyPhnxBrs Zerg 

Build Orders: Hatch First 

Get SALT Encoding   

  12  0:01  Drone  
  13  0:09  Drone  
  14  0:18  Overlord  
  14  0:24  Drone, Extractor  
  15  0:36  Drone  
  16  0:49  Drone x2  
  18  0:57  Hatchery  
  17  1:16  Spawning Pool  
  16  1:22  Drone  
  16  1:23  Drone  
  16  1:24  Extractor  
  17  1:31  Overlord  
  17  2:03  Zergling x6  
  17  2:04  Queen  
  22  2:09  Queen  
  22  2:12  Drone  
  25  2:20  Drone  
  25  2:21  Drone  
  27  2:32  Extractor  
  27  2:36  Extractor  
  25  2:44  Queen  
  25  2:46  Queen  
  25  2:47  Metabolic Boost  
  29  3:02  Drone x3  
  32  3:06  Overlord  
  32  3:14  Overlord  
  32  3:17  Drone x2  
  32  3:18  Drone  
  35  3:34  Drone x6  
  41  3:43  Drone  
  41  3:47  Drone x3  
  45  3:57  Drone x2, Overlord  
  47  4:14  Overlord  
  47  4:15  Overlord  
  47  4:19  Hatchery  
  46  4:28  Zergling x2  
  46  4:29  Zergling x8  
  51  4:34  Lair  
  51  4:37  Extractor  
  50  4:42  Baneling Nest  
  49  4:51  Zergling x6  
  52  5:06  Drone x6  
  56  5:19  Queen  
  56  5:21  Drone x4  
  60  5:31  Zergling x2  
  56  5:43  Drone x2  
  56  5:47  Overlord x2  
  58  5:52  Extractor  
  58  5:53  Spire  
  56  6:06  Drone  
  56  6:07  Drone x8  
  65  6:13  Hatchery  
  65  6:16  Zergling x10  
  68  6:27  Overseer  
  65  6:33  Zergling x14  
  67  6:43  Drone  
  67  6:44  Drone x2  
Tags
 
Add a new tag
Caveats
  • Supply blocks, unpowered buildings, or Contaminate may cause inaccurate times.
  • Supply counts are checked every 10 seconds.